 Dungeon Crawl Stone Soup version 0.26-a0-259-g1effd001a9 (webtiles) character file.

Game seed: 17380060252149458272

21411 sanka the Fighter (level 12, -3/102 HPs)
             Began as a Mummy Wanderer on July 17, 2020.
             Was a High Priest of Ru.
             Splashed by an acid dragon's acid (8 damage)
             ... on level 12 of the Dungeon.
             The game lasted 00:44:51 (17220 turns).

sanka the Fighter (Mummy Wanderer)                 Turns: 17220, Time: 00:44:51

Health: -3/102     AC: 12    Str: 23    XL:     12   Next: 54%
Magic:  0/22       EV: 12    Int:  8    God:    Ru [*****.]
Gold:   564        SH:  0    Dex: 19    Spells: 13/13 levels left

rFire    x . .     SeeInvis .   b - +3 battleaxe
rCold    + . .     Faith    .   (shield currently unavailable)
rNeg     + + +     Spirit   +   H - +0 plate armour
rPois    ∞         Reflect  .   m - +2 helmet
rElec    .         Harm     .   O - +2 cloak "Fuames" {Str+3 Dex+4 Stlth+}
rCorr    .                      k - +1 pair of gloves
MR       +....                  (no boots)
Stlth    ..........             e - amulet of guardian spirit
HPRegen  0.27/turn              q - +4 ring of evasion
MPRegen  0.18/turn              Q - ring of magical power

@: corroded, drained
A: no food or potions, fire vulnerability, cold resistance 1, negative energy
resistance 3, torment resistance, unbreathing, inability to use devices, hated
by all, unskilled 1
a: Draw Out Power, Power Leap, Apocalypse, Renounce Religion


You were on level 12 of the Dungeon.
You worshipped Ru.
Ru was extremely pleased with you.
You were not hungry.

You visited 2 branches of the dungeon, and saw 13 of its levels.
You also visited: Sewer.

You collected 564 gold pieces.


Innate Abilities, Weirdness & Mutations

You do not eat or drink.
Your flesh is vulnerable to fire.
You are immune to poison.
Your flesh is cold resistant. (rC+)
You are immune to negative energy. (rN+++)
You are immune to unholy pain and torment.
You can survive without breathing.
You cannot study or use magical devices.
You are hated by all.
You are somewhat unskilled. (-1 Apt)


   Skills:
 - Level 12.0(11.1) Fighting
 - Level 3.0(2.3) Short Blades
 - Level 0.8(0.2) Throwing
 + Level 11.3(10.5) Armour
 - Level 2.0(1.3) Dodging
 - Level 1.2(0.5) Spellcasting
   Level 1.3(0.7) Earth Magic


You had 13 spell levels left.
You didn't know any spells.
Your spell library was empty.

Inventory:

Hand Weapons
 a - a +1 short sword of venom
 b - a +3 battleaxe (weapon)
 d - a +0 dagger
 o - a +2 short sword
 t - a +0 halberd
 w - a +1 flail of draining
 B - a +0 hunting sling
 L - a +0 dagger of distortion
Missiles
 c - 27 poisoned darts (quivered)
 f - 2 atropa-tipped darts
 h - 513 stones
 i - 121 sling bullets
 x - a throwing net {=f}
 I - 3 curare-tipped darts {=f}
 T - 8 javelins
Armour
 k - a +1 pair of gloves (worn)
 m - a +2 helmet (worn)
 H - a +0 plate armour (worn)
 O - the +2 cloak "Fuames" (worn) {Str+3 Dex+4 Stlth+}

   It affects your strength (+3).
   It affects your dexterity (+4).
   It makes you more stealthy.
Jewellery
 e - an amulet of guardian spirit (around neck)
 l - an uncursed ring of protection from cold
 q - a +4 ring of evasion (left hand)
 r - an uncursed ring of flight
 C - a +6 ring of intelligence
 J - an uncursed amulet of regeneration
 M - an uncursed amulet of the acrobat
 Q - a ring of magical power (right hand)
 R - an uncursed ring of resist corrosion
Wands
 g - a wand of iceblast (11)
 p - a wand of acid (2)
 A - a wand of enslavement (3)
 D - a wand of paralysis (12)
 G - a wand of polymorph (28)
Scrolls
 j - 3 scrolls of enchant weapon
 n - 8 scrolls of remove curse
 s - a scroll of fog
 u - 4 scrolls of fear
 v - 3 scrolls of amnesia
 y - 7 scrolls of teleportation {@r4}
 z - 2 scrolls of magic mapping
 E - a scroll of identify {@r1}
 K - a scroll of blinking
 N - 4 scrolls of enchant armour
Miscellaneous
 F - a phantom mirror

Dungeon Overview and Level Annotations

Branches:
Dungeon (12/15)            Temple (1/1) D:6            Lair (0/6) D:8
  Sewer (visited)
    Orc: D:9-12

Altars:
Ashenzari
Cheibriados
Dithmenos
Elyvilon
Fedhas
Gozag
Hepliaklqana
Kikubaaqudgha
Makhleb
Nemelex Xobeh
Okawaru
Qazlal
Ru
Sif Muna
Trog
Uskayaw
Vehumet
Wu Jian
Xom
Yredelemnul
Zin
The Shining One

Shops:
D:7 *

Annotations:
D:5 2 transporters, kae's ghost, novice HOFi

▒.▒....▒▒▒.▒▒.÷)÷)..▒ ▒▒
▒.▒...▒.▒.▒....[)...▒▒▒...▒▒
▒....▒▒▒.▒.▒%.▒)...'........
▒.▒..▒.%▒.▒%..▒....▒▒▒▒...▒▒
▒.▒▒.▒▒▒.▒.▒÷.....▒▒ ▒▒
▒....▒▒.▒%▒.÷....▒▒
▒.▒....▒.▒%▒....▒▒
▒.▒▒..▒▒▒.▒▒....▒
▒.▒▒....▒▒.▒M...▒ .
▒...............▒ ..
▒▒▒▒▒▒▒..D▒▒▒▒)▒▒...
▒▒▒▒.W▒▒▒▒.....8...
▒.....)WEZE........
▒.▒▒.▒▒▒#Ee..▒▒.... ▒
▒.▒▒▒....▒▒▒ ...
▒...>......▒ .. ▒▒▒▒▒......▒
▒


You could see a phantom and an acid dragon (blind, catching breath).


Message History

The deep elf mage is lightly wounded.
You slash the acid dragon!
Your plate armour prevents you from hitting the orc zombie.
You redirect the deep elf mage's attack!
The deep elf mage hits you but does no damage.
The phantom blinks!
The acid dragon bites you!
* * * LOW HITPOINT WARNING * * *
You focus your will and blind the acid dragon in retribution!
The acid dragon barely misses you. The orc zombie hits you.
* * * LOW HITPOINT WARNING * * *
The deep elf mage closely misses you.
Unknown command.
Unknown command.
You redirect the acid dragon's attack!
The acid dragon roars!
The deep elf mage mumbles some strange words.
The deep elf mage blinks!
Items here: ! ) [ † a +4 broad axe a +0 chain mail a murky puce potion a human corpse The acid dragon begins to attack, but is stunned by your will!
The acid dragon spits acid at you.
The splash of acid hits you but does no damage.
The acid corrodes you!
You are splashed with acid!
You die...

Action                   |  1- 3 |  4- 6 |  7- 9 | 10-12 || total
-------------------------+-------+-------+-------+-------++-------
Melee: Short sword       |   130 |   168 |   629 |   698 ||  1625
       Flail             |       |    10 |     2 |    81 ||    93
       Halberd           |       |       |    21 |    54 ||    75
       Battleaxe         |       |       |       |   108 ||   108
 Fire: Hunting sling     |       |    45 |    13 |    15 ||    73
Throw: Dart              |       |       |     5 |       ||     5
Invok: Sacrifice Skill   |       |       |     1 |       ||     1
       Sacrifice Love    |       |       |       |     1 ||     1
       Sacrifice Artific |       |       |       |     1 ||     1
       Apocalypse        |       |       |       |     2 ||     2
 Abil: Evoke Flight      |       |       |     3 |       ||     3
Evoke: Wand              |       |       |     3 |    19 ||    22
  Use: Scroll            |       |       |     6 |     6 ||    12
 Stab: Paralysed         |       |       |     5 |     6 ||    11
       Distracted        |       |       |       |     4 ||     4
Armor: Scale mail        |    34 |    85 |    13 |       ||   132
       Chain mail        |       |       |   105 |       ||   105
       Plate armour      |       |       |   213 |   693 ||   906
Dodge: Dodged            |    47 |    92 |   314 |   713 ||  1166

Levels and vault maps discovered:
D:1:      lightli_arrival_quake, layout_basic
D:2:      layout_basic, minmay_misc_feat_enclosed, minmay_misc_feat_doors,
          minmay_statues_item, nicolae_tso_carved_into_rock, uniq_robin
D:3:      layout_basic, first_ration
D:4:      layout_basic, kennysheep_generic_room_2
D:5:      layout_cave_pods, gup_sewer_entry_bubbles, gammafunk_ghost_stat_death
D:6:      layout_rooms, minmay_temple_entry_hall, minmay_fractal_squares_5,
          uniq_crazy_yiuf_cottage, uniq_duvessa
D:7:      layout_basic, zin_purify
D:8:      layout_basic, david_lair_generic, uniq_maurice, uniq_psyche
D:9:      layout_basic, basic_altar
D:10:     layout_roguey, serial_ice, serial_ice_b, serial_ice_i, serial_ice_d,
          serial_ice_g, serial_ice_m, serial_ice_f, serial_ice_n, serial_ice_c,
          serial_ice_a, serial_ice_o
D:11:     layout_small_grid, minmay_misc_feat_columns, uniq_erolcha
D:12:     cheibrodos_tormentor_scu, layout_loops_corners, zombieorc2_lemuel,
          david_nohive_1, uniq_snorg, uniq_jorgrun
Temple:   kilobyte_greek_temple

Notes
Turn   | Place    | Note
-------+----------+-------------------------------------------
     0 | D:1      | sanka the Mummy Wanderer began the quest for the Orb.
     0 | D:1      | sanka set off with the following items: a +2 short sword, a
                  | +0 spear, 8 poisoned darts, a +0 dagger, a +0 robe
     0 | D:1      | Reached XP level 1. HP: 16/16 MP: 2/2
   302 | D:1      | Reached XP level 2. HP: 22/22 MP: 4/4
   308 | D:1      | Reached skill level 3 in Short Blades
   717 | D:1      | Reached XP level 3. HP: 27/28 MP: 5/5
   770 | D:1      | Reached skill level 3 in Fighting
  1356 | D:2      | Noticed Robin
  1400 | D:2      | Killed Robin
  1636 | D:2      | Reached XP level 4. HP: 37/37 MP: 6/6
  1888 | D:2      | Reached skill level 4 in Fighting
  2139 | D:2      | Found a glowing golden altar of the Shining One.
  2753 | D:3      | Reached skill level 5 in Fighting
  2753 | D:3      | Reached XP level 5. HP: 42/44 MP: 7/7
  3062 | D:4      | Noticed an ogre
  3095 | D:4      | Killed an ogre
  3095 | D:4      | Reached skill level 6 in Fighting
  3095 | D:4      | Reached XP level 6. HP: 40/52 MP: 8/8
  3746 | D:4      | Reached skill level 7 in Fighting
  3785 | D:4      | Reached XP level 7. HP: 60/60 MP: 9/9
  4216 | D:3      | Reached skill level 8 in Fighting
  4543 | D:5      | Entered Level 5 of the Dungeon
  4664 | D:5      | Reached skill level 2 in Evocations
  4768 | D:5      | Found a transporter.
  4773 | D:5      | Noticed kae's ghost (novice HOFi)
  4834 | D:5      | Reached skill level 3 in Evocations
  4937 | D:5      | Found a glowing drain.
  4950 | Sewer    | Entered a sewer
  5238 | Sewer    | Reached skill level 4 in Evocations
  5238 | Sewer    | Reached XP level 8. HP: 67/68 MP: 10/10
  5725 | D:5      | Found a transporter.
  6024 | D:5      | Reached skill level 1 in Dodging
  6151 | D:5      | Reached skill level 1 in Armour
  6345 | D:6      | Found a staircase to the Ecumenical Temple.
  6853 | D:6      | Reached skill level 2 in Armour
  6929 | D:6      | Reached skill level 2 in Dodging
  6961 | Temple   | Entered the Ecumenical Temple
  7126 | Temple   | Became a worshipper of Ru the Awakened
  7246 | D:6      | Reached skill level 3 in Armour
  7253 | D:6      | Reached skill level 5 in Evocations
  7315 | D:6      | Noticed Duvessa
  7323 | D:6      | Noticed Dowan
  7351 | D:6      | Killed Duvessa
  7351 | D:6      | Reached skill level 4 in Armour
  7371 | D:6      | Killed Dowan
  7473 | D:6      | Reached XP level 9. HP: 58/74 MP: 11/11
  7620 | D:6      | Reached skill level 5 in Armour
  8301 | D:7      | Reached skill level 6 in Armour
  8697 | D:7      | Found Zin's Purification Station.
  8697 | D:7      | Found a glowing silver altar of Zin.
  8751 | D:7      | Gained mutation: You are somewhat unskilled. (-1 Apt) [Ru
                  | sacrifice]
  8751 | D:7      | Reduced skill Fighting to level 7
  8751 | D:7      | Reduced skill Short Blades to level 2
  8751 | D:7      | Reduced skill Throwing to level 0
  8751 | D:7      | Reduced skill Dodging to level 1
  8751 | D:7      | Reduced skill Evocations to level 4
  8751 | D:7      | Reached * piety under Ru
  8995 | D:8      | Noticed Psyche
  9043 | D:8      | Killed Psyche
  9043 | D:8      | Reached skill level 3 in Short Blades
  9043 | D:8      | Reached skill level 2 in Dodging
  9127 | D:8      | Noticed an elephant
  9169 | D:8      | Killed an elephant
  9193 | D:8      | Reached skill level 5 in Evocations
  9193 | D:8      | Reached XP level 10. HP: 63/80 MP: 11/11
  9266 | D:8      | Noticed a two-headed ogre
  9297 | D:8      | Found a staircase to the Lair.
  9304 | D:8      | Killed a two-headed ogre
  9304 | D:8      | Reached skill level 8 in Fighting
  9304 | D:8      | Reached skill level 7 in Armour
  9473 | D:8      | Noticed Maurice
  9493 | D:8      | Noticed a two-headed ogre
  9523 | D:8      | Killed Maurice
  9537 | D:8      | Killed a two-headed ogre
  9537 | D:8      | Reached skill level 8 in Armour
 10446 | D:9      | Found a white marble altar of Elyvilon.
 10450 | D:9      | Got a smoking cloak
 10456 | D:9      | Identified the +2 cloak "Fuames" {Str+3 Dex+4 Stlth+} (You
                  | found it on level 9 of the Dungeon)
 10628 | D:9      | Reached skill level 9 in Fighting
 11646 | D:9      | Gained mutation: You are hated by all. [Ru sacrifice]
 11646 | D:9      | Reached ** piety under Ru
 11646 | D:9      | Reached *** piety under Ru
 11969 | D:10     | Entered Level 10 of the Dungeon
 12077 | D:9      | Reached XP level 11. HP: 39/89 MP: 7/12
 12294 | D:10     | Reached skill level 9 in Armour
 12323 | D:10     | Noticed a death yak
 12486 | D:10     | Killed a death yak
 12865 | D:10     | Noticed a death yak
 12928 | D:10     | Killed a death yak
 12928 | D:10     | Reached skill level 10 in Fighting
 13979 | D:11     | Noticed a brown ugly thing
 14004 | D:10     | Killed a brown ugly thing
 14315 | D:11     | Noticed a death knight
 14333 | D:11     | Killed a death knight
 14333 | D:11     | Reached skill level 10 in Armour
 14797 | D:11     | Gained mutation: You cannot study or use magical devices.
                  | [Ru sacrifice]
 14797 | D:11     | Reduced skill Evocations to level 0
 14797 | D:11     | Reached **** piety under Ru
 14797 | D:11     | Reached ***** piety under Ru
 14961 | D:11     | Noticed Erolcha
 15135 | D:11     | Killed Erolcha
 15135 | D:11     | Reached skill level 11 in Fighting
 15778 | D:11     | Reached XP level 12. HP: 100/100 MP: 13/13
 16361 | D:12     | Noticed Jorgrun
 16469 | D:12     | Killed Jorgrun
 16811 | D:12     | Reached skill level 11 in Armour
 16892 | D:12     | Reached skill level 12 in Fighting
 17184 | D:12     | Noticed a death knight
 17198 | D:12     | Killed a death knight
 17213 | D:12     | HP: 4/102 [acid dragon (8)]
 17220 | D:12     | Splashed by an acid dragon's acid

Vanquished Creatures
  Jorgrun (D:12)
  Erolcha (D:11)
  2 death knights
  2 two-headed ogres (D:8)
  2 death yaks (D:10)
  An ugly thing (D:10)
  A cyclops (D:11)
  2 centaur zombies (D:10)
  Psyche (D:8)
  An elephant (D:8)
  Maurice (D:8)
  2 trolls
  A queen bee (D:11)
  3 polar bears (D:10)
  A hornet (D:11)
  4 hippogriffs
  A shadow (D:12)
  14 yaks
  2 wraiths (D:12)
  A basilisk (D:8)
  3 wyverns
  6 vampire mosquitoes
  A water moccasin (D:6)
  Duvessa (D:6)
  A black bear (D:7)
  4 sky beasts
  A phantom (D:4)
  2 ice beasts
  5 orc warriors
  A necrophage (D:9)
  4 ogres
  7 centaurs
  2 crocodiles
  3 big kobolds
  A gnoll sergeant (D:5)
  7 bullfrogs
  Dowan (D:6)
  A hornet simulacrum (D:10)
  A water moccasin zombie (D:11)
  A troll zombie (D:12)
  5 scorpions
  11 killer bees (D:11)
  8 wights
  8 electric eels
  A bullfrog zombie (D:11)
  3 hounds
  A wyvern simulacrum (D:10)
  2 bullfrog skeletons
  4 jellies
  5 orc priests
  6 iguanas
  6 orc wizards
  7 worker ants
  An ogre zombie (D:12)
  A hound zombie (D:8)
  A hound skeleton (D:7)
  2 howler monkey zombies (D:6)
  Robin (D:2)
  2 howler monkey skeletons (D:4)
  2 worker ant zombies
  15 gnolls
  15 adders
  2 hound simulacra (D:10)
  A river rat (D:5)
  A shadow imp (D:8)
  8 white imps
  2 worker ant simulacra (D:10)
  2 ufetubi (D:8)
  4 oozes
  5 worms
  2 dart slugs (D:1)
  12 leopard geckos
  33 orcs
  4 ball pythons
  7 giant cockroaches
  11 goblins
  17 hobgoblins
  8 jackals (D:6)
  22 kobolds
  5 quokkas
  10 bats
  8 frilled lizards
  A goblin skeleton (D:12)
  3 goblin zombies (D:12)
  2 hobgoblin skeletons (D:12)
  2 hobgoblin zombies (D:12)
  A jackal skeleton (D:5)
  A leopard gecko skeleton (D:5)
  6 orc skeletons (D:12)
  8 orc zombies (D:12)
  A quokka zombie (D:5)
  11 rats
404 creatures vanquished.

Vanquished Creatures (others)
  A manticore (D:11)
  A polar bear (D:9)
  A wraith (D:12)
  3 killer bees (D:11)
  A worker ant zombie (D:8)
  An ufetubus (D:9)
  An orc (D:10)
  A kobold (D:12)
10 creatures vanquished.

Grand Total: 414 creatures vanquished
